Unix NetHack Version 5.0.0-0 post-release - last build Jul 19 2026 19:10:59 (3aa4ab31751d3886436d94b585a96704892fd477,branch:main).

Game began 2026-07-24 12:32:47, ended 2026-07-24 17:22:48.

Eymerich, chaotic male elven Priest

     ------------
     |.<........|      -----
     |..........|      |...|
     |..{.).....-###   |...|     ---------------
     |..........|  ####-..<|  #@d..............|
     |..........|      |...| #u  |.............|
     ---.--------    ##....-##   |.............|
        #            # |+..|     |.............|
        #            # -----     |........$....|
        ##          ##           ---------------
         #       ####
         #       #
         #     ###
      ---|-----#
      |.>.....-#
      |.......|
      |.......|
      ---------

Eymerich the Adept           St:17 Dx:14 Co:14 In:11 Wi:18 Ch:12  Chaotic
Dlvl:10 $:409 HP:0(63) Pw:113(132) AC:3  Xp:8 T:9875 

Latest messages:
 The gray unicorn butts!
 The gray unicorn kicks!
 Pinky misses the gray unicorn.
 In what direction?
 You feel better.
 Pinky bites the gray unicorn.
 What do you want to drink? [cdlpqEJKORTW or ?*]
 You feel better.
 Pick a monster, object or location.
 The white unicorn misses!
 The white unicorn kicks!
 The white unicorn butts!
 The white unicorn kicks!
 You hit the white unicorn!
 The white unicorn butts!
 The white unicorn kicks!
 The white unicorn butts!
 The white unicorn kicks!
 The white unicorn butts!
 The white unicorn kicks!
 The white unicorn butts!
 The white unicorn kicks!
 The white unicorn vanishes!
 The gray unicorn vanishes!
 What do you want to drink? [cdlpqEJKORTW or ?*]
 You feel better.
 Your movements are now unencumbered.
 In what direction?
 You feel better.
 The gray unicorn butts!
 The gray unicorn kicks!
 The gray unicorn butts!
 The gray unicorn kicks!
 You hit the gray unicorn!
 The gray unicorn butts!
 The gray unicorn kicks!
 The gray unicorn butts!
 The gray unicorn kicks!
 What do you want to drink? [cdlpqEJKORTW or ?*]
 You feel better.
 The gray unicorn butts!
 The gray unicorn kicks!
 The gray unicorn butts!
 The gray unicorn kicks!
 You miss the gray unicorn.
 The gray unicorn butts!
 You die...
 Do you want your possessions identified? [ynq] (y)
 Do you want to see your attributes? [ynq] (y)
 Do you want an account of creatures vanquished? [ynaq] (y)

Inventory:
 Coins    ('$')
  $ - 409 gold pieces
 Weapons  (')')
  D - a blessed +1 arrow
  H - 2 +2 elven arrows (in quiver)
  x - a blessed +1 elven bow (alternate weapon; not wielded)
  M - 11 +0 darts
  X - a blessed corroded +0 dagger
  C - a +0 elven dagger
  t - a +4 aklys (tethered to right hand)
 Armor    ('[')
  a - a +0 helm of brilliance (being worn)
  N - a blessed +5 orcish helm
  w - a +0 pair of iron shoes (being worn)
  Z - a blessed +4 dwarvish cloak (being worn)
  b - a +0 robe
 Comestibles  ('%')
  o - a candy bar labeled "Berry Bar"
  e - 2 cloves of garlic
  B - a cream pie
  j - a food ration
  s - 2 lembas wafers
  f - a sprig of wolfsbane
  G - a lichen corpse
  r - a lizard corpse
 Scrolls  ('?')
  m - a scroll of confuse monster
  n - a scroll of create monster
  I - 2 scrolls of enchant armor
  S - a scroll of gold detection
  V - a scroll of light
 Potions  ('!')
  O - a potion of fruit juice
  l - a potion of gain ability
  q - a potion of gain energy
  W - 4 potions of healing
  R - a potion of levitation
  c - 3 potions of object detection
  T - a potion of polymorph
  K - 2 potions of restore ability
  p - a potion of sickness
  J - a potion of speed
  d - 2 potions of holy water
  E - a potion of unholy water
 Rings    ('=')
  u - a ring of regeneration
  z - a ring of shock resistance
  U - a ring of teleport control
 Wands    ('/')
  k - a wand of light (0:13)
 Tools    ('(')
  i - a tooled horn
  v - a blindfold
  F - a magic whistle
  Y - a mirror
  A - a blessed oil lamp
  Q - a skeleton key
  L - a stethoscope
 Gems/Stones  ('*')
  y - a jacinth stone named hard
  g - a worthless piece of black glass named junk
  h - a worthless piece of red glass named junk

Eymerich the Priest's attributes:

Background:
 You were an Adept, a level 8 elven Priest.
 You were chaotic, nominally on a mission for Kos
 who was opposed by Issek (lawful) and Mog (neutral).
 You were right-handed.
 You were in the Dungeons of Doom, on level 10.
 You entered the dungeon 9875 turns ago.
 You had 2271 experience points, 289 more were needed to attain level 9.

Basics:
 You had 0 out of 63 hit points.
 You had 113 out of 132 energy points (spell power).
 Your armor class was 3.
 Your wallet contained 409 zorkmids.
 Autopickup was off.

Final Characteristics:
 Your strength was 17 (limit:18).
 Your dexterity was 14 (limit:18).
 Your constitution was 14 (limit:16).
 Your intelligence was 11 (limit:20).
 Your wisdom was 18 (peak:19, limit:20).
 Your charisma was 12 (limit:18).

Final Status:
 You weren't hungry.
 You were unencumbered.
 You were wielding a club.
 You were skilled in club.

Final Attributes:
 You were piously aligned.
 Your items were somewhat protected from fire.
 Your items were somewhat protected from cold.
 You were sleep resistant.
 You were poison resistant.
 You were telepathic.
 You had infravision.
 You were warded.
 You are dead.

Miscellaneous:
 You encountered 1 bones level.
 Total elapsed playing time was 2 hours, 57 minutes and 3 seconds.

Major events:
 Turn
    1: Eymerich the chaotic elven Priest entered the dungeon
 1037: attained the rank of Acolyte (level 3)
 2867: entered the Gnomish Mines
 3545: attained the rank of Adept (level 6)
 9875: killed by a gray unicorn

Spells:
 Name                 Level Category     Fail Retention
 detect monsters        1   divination     0%   51%-60%
 healing                1   healing        0%   51%-60%

Skills:
 Fighting Skills
   bare handed combat [Unskilled]
 Weapon Skills
   club               [Skilled]
   mace               [Basic]
   morning star       [Unskilled]
   flail              [Unskilled]
   hammer             [Unskilled]
   quarterstaff       [Unskilled]
   polearms           [Unskilled]
   spear              [Unskilled]
   trident            [Unskilled]
   lance              [Unskilled]
   bow                [Basic]
   sling              [Unskilled]
   crossbow           [Unskilled]
   dart               [Unskilled]
   shuriken           [Unskilled]
   boomerang          [Unskilled]
   unicorn horn       [Unskilled]
 Spellcasting Skills
   healing spells     [Basic]
   divination spells  [Basic]
   clerical spells    [Basic]

Voluntary challenges:
 Character rerolling was not enabled.
 You were an atheist.
 You never genocided any monsters.
 You never polymorphed an object.
 You never changed form.
 You used no wishes.
Achievements:
 You attained the rank of Acolyte.
 You entered a shop.
 You entered the Gnomish Mines.
 You attained the rank of Adept.

 The Dungeons of Doom: levels 1 to 10
    Level 1:
    Level 2:
       An altar to Kos.
    Level 3:
       A general store.
       Stairs down to The Gnomish Mines.
    Level 4: "vault"
    Level 5: "vault, box 4 items"
    Level 6: "chest 6 items"
       A fountain.
    Level 7:
    Level 8:
       A fountain.
    Level 9:
       Final resting place for
          ksw-Val-Hum-Fem-Law, killed by a dog,
          h2g2-Ran-Elf-Fem-Cha, killed by a dog.
    Level 10: <- You were here.
       A fountain.
       Final resting place for
          you, killed by a gray unicorn.
 The Gnomish Mines:
    Level 4:


Vanquished creatures:
  2 ghosts
  2 ochre jellies
  a red naga
  a wraith
 an amorous demon
  a chameleon
  2 giant beetles
  4 leprechauns
  2 giant spiders
  2 ice vortices
  a yeti
  a lizard
  a dingo
  a jaguar
  a raven
  a gnome mummy
  a snake
  a wood nymph
  a water nymph
  3 mountain nymphs
 11 Uruk-hai
 an orc shaman
  a rock piercer
  3 ponies
  2 fog clouds
  a yellow light
  a shrieker
  2 gnome leaders
  2 ghouls
  4 giant ants
  a little dog
  4 floating eyes
  2 dwarves
  a homunculus
  a kobold leader
 11 hill orcs
 13 rothes
  a giant bat
  2 monkeys
  5 orc zombies
  a dwarf zombie
  a wererat
  4 werejackals
  2 iguanas
 an acid blob
  4 coyotes
  4 gas spores
  a hobbit
  3 manes
  a large kobold
  a hobgoblin
  8 giant rats
  9 cave spiders
  2 brown molds
  a yellow mold
  4 green molds
  2 red molds
 12 gnomes
  a gnome zombie
  6 geckos
 17 jackals
  4 foxes
  2 kobolds
  6 goblins
  2 sewer rats
  8 grid bugs
  4 lichens
  3 kobold zombies
  3 newts
216 creatures vanquished.

No species were genocided or became extinct.

Game over:
                       ----------
                      /          \
                     /    REST    \
                    /      IN      \
                   /     PEACE      \
                  /                  \
                  |     Eymerich     |
                  |      409 Au      |
                  | killed by a gray |
                  |     unicorn      |
                  |                  |
                  |                  |
                  |       2026       |
                 *|     *  *  *      | *
        _________)/\\_//(\/(/\)/\//\/|_)_______

Goodbye Eymerich the Priest...

You died in The Dungeons of Doom on dungeon level 10 with 9943 points,
and 409 pieces of gold, after 9875 moves.
You were level 8 with a maximum of 63 hit points when you died.

